General information
- name: w
- type: Custom game
- host: darkwasp
- saver: darkwasp
map: TirisfalGlades
- players: 2
- length: 06:50
- speed: Fast
- version: 1.26 W3XP
- replay type: Public
» download(20 KB)
Players
team 1 (winner)

»
darkwasp (
orange | 74 APM | 509 actions | 06:50)
3 Lich
2 Frost Nova
1 Frost Armor
» actions
| Assign group hotkey | 18 | |
| Basic commands | 2 | |
| Build / train | 22 | |
| Enter build submenu | 11 | |
| Enter hero's abilities submenu | 3 | |
| Right click | 229 | |
| Select / deselect | 134 | |
| Select group hotkey | 64 | |
| Use ability | 26 | |
509 total
» units
» buildings
| Crypt | 1 | |
| Ziggurat | 6 | |
| Altar of Darkness | 1 | |
| Tomb of Relics | 1 | |
| Graveyard | 1 | |
| Spirit Tower | 4 | |
| Necropolis | 1 | |
15 total
» build order
00:08 Crypt
00:11 Ziggurat
00:37 Altar of Darkness
01:06 Tomb of Relics
01:18 Ziggurat
02:34 Graveyard
04:11 Ziggurat
04:18 Ziggurat
04:19 Ziggurat
04:39 Ziggurat
05:06 Spirit Tower
05:16 Spirit Tower
05:33 Spirit Tower
06:01 Necropolis
» items
team 2 (loser)
TechnoTurtle (
dark-green | 59 APM | 403 actions | 06:49)
1 Death Knight
1 Death Coil
» actions
| Assign group hotkey | 5 | |
| Build / train | 11 | |
| Enter build submenu | 7 | |
| Enter hero's abilities submenu | 1 | |
| Right click | 297 | |
| Select / deselect | 56 | |
| Select group hotkey | 14 | |
| Use ability | 12 | |
403 total
» units
| Acolyte | 2 | |
| Ghoul | 1 | |
| Crypt Fiend | 5 | |
8 total
» buildings
| Crypt | 1 | |
| Graveyard | 1 | |
| Ziggurat | 2 | |
| Altar of Darkness | 1 | |
| Tomb of Relics | 2 | |
7 total
» build order
00:08 Crypt
00:12 Graveyard
00:21 Ziggurat
01:08 Altar of Darkness
02:01 Tomb of Relics
02:29 Tomb of Relics
02:48 Ziggurat
» items
Chat log
(00:14 / All) darkwasp: this will be
(00:17 / All) darkwasp: grizzly
(00:24 / All) TechnoTurtle: lol
(00:27 / All) TechnoTurtle: gl hf
(00:31 / All) darkwasp: u2
(00:45 / All) darkwasp: this game
(00:49 / All) darkwasp: will be an interesting one
(01:37 / All) darkwasp: oh man
(01:39 / All) darkwasp: you got me
(01:53 / All) darkwasp: dat ud mirror
(05:38 / All) TechnoTurtle: gg
(05:40 / All) darkwasp: ggs
(05:42 / All) TechnoTurtle: dat rush
(05:47 / All) darkwasp: its so nasty
(05:50 / All) darkwasp: in ud mirror
(06:07 / All) TechnoTurtle: i dont think i ever did ud mirror b4
(06:12 / All) darkwasp: yeah this is
(06:15 / All) darkwasp: a very good trick
(06:21 / All) darkwasp: because it rapes
(06:22 / All) darkwasp: standard
(06:24 / All) darkwasp: so hard